 Dungeon Crawl Stone Soup version 0.32-a0-422-g28b100f618 (webtiles) character file.

Game seed: 11135850415337871239

65 Alarak the Trooper (level 3, -10/35 (36) HPs)
             Began as a Mountain Dwarf Fighter on Feb 22, 2024.
             Mangled by Crazy Yiuf
             ... wielding a +4 quarterstaff of chaos
              (15 damage)
             ... on level 2 of the Dungeon.
             The game lasted 00:01:15 (1587 turns).

Alarak the Trooper (Mountain Dwarf Fighter)         Turns: 1587, Time: 00:01:17

HP:   -10/35 (36)   AC:  6    Str: 20    XL:     3   Next: 94%
MP:   3/3           EV:  9    Int:  8    God:
Gold: 114           SH:  4    Dex:  9    Spells: 2/2 levels left

rFire   . . .        a - +0 war axe
rCold   . . .        c - +0 buckler
rNeg    . . .        b - +0 scale mail
rPois   .            (no helmet)
rElec   .            (no cloak)
rCorr   .            (no gloves)
SInv    .            (no boots)
Will    .....        (no amulet) Stlth
                     (no ring)
HPRegen 0.25/turn    (no ring)
MPRegen 0.08/turn

%: no passive effects
@: lightly drained
A: runic magic, artefact enchanting
a: no special abilities


You were on level 2 of the Dungeon.
You visited 1 branch of the dungeon, and saw 2 of its levels.

You collected 114 gold pieces.

Inventory:

Hand Weapons
 a - a +0 war axe (weapon)
Armour
 b - a +0 scale mail (worn)
 c - a +0 buckler (worn)
Scrolls
 e - 3 scrolls of amnesia {unknown}
 f - 3 scrolls of identify {unknown}
Potions
 d - a potion of might
 g - a potion of lignification {unknown}
 h - a potion of mutation {unknown}


   Skills:
 + Level 5.4 Fighting
 - Level 2.4 Axes
 - Level 3.2 Armour
 - Level 3.2 Shields


You had 2 spell levels left.
You didn't know any spells.
Your spell library contained the following spells:

 Spells                   Type           Power      Damage    Failure   Level
 Necrotise                Necr           0%         1d4       56%         1
 Teleport Other           Tloc           0%         N/A       91%         3
 Vampiric Draining        Necr           0%         2d6       91%         3
 Ignite Poison            Fire/Alch      0%         N/A       100%        4
 Manifold Assault         Tloc           0%         N/A       100%        4
 Martyr's Knell           Necr/Summ      0%         N/A       100%        4
 Olgreb's Toxic Radiance  Alch           0%         N/A       100%        4
 Curse of Agony           Necr           0%         N/A       100%        5


Dungeon Overview and Level Annotations

Branches:
Dungeon (2/15)

Altars:

Shops:
D:1 [

Annotations:
D:2 Crazy Yiuf


Innate Abilities, Weirdness & Mutations

Your spellcasting is much less encumbered by armour.
You can use scrolls of enchantment on lesser artefacts.


Message History

There is an open door here.
Key pressed, stopping explore.
You open the large door.
There is a large open door here.
There is a large open door here.
Found a leather armour.
You see here a +0 leather armour.
You see here a +0 hammer.
Crazy Yiuf shouts!
You see here a +0 hammer.
You see here the +6 hammer of the Fray {antimagic, rElec rN+ Int-4 SInv}.
Could not explore, unopened runed door.
Could not explore, unopened runed door.
Could not explore, unopened runed door.
No reachable target in view!
Could not explore, unopened runed door.
You open the door. You closely miss Crazy Yiuf.
Crazy Yiuf hits you with a +4 quarterstaff of chaos!
You convulse.
Crazy Yiuf says, "Tonal!
Rot spinner cloud."
Crazy Yiuf hits you with a +4 quarterstaff of chaos.
Crazy Yiuf freezes you.
You are too injured to fight recklessly!
You hit Crazy Yiuf.
Crazy Yiuf is lightly wounded.
Crazy Yiuf hits you with a +4 quarterstaff of chaos!
You feel drained.
* * * LOW HITPOINT WARNING * * *
You barely miss Crazy Yiuf.
Crazy Yiuf is lightly wounded.
Crazy Yiuf closely misses you.
You barely miss Crazy Yiuf.
Crazy Yiuf is lightly wounded.
Crazy Yiuf yells, "Cake green hand!"
Crazy Yiuf hits you with a +4 quarterstaff of chaos.
* * * LOW HITPOINT WARNING * * *
Crazy Yiuf flaps his cloak.
Crazy Yiuf hits you with a +4 quarterstaff of chaos!
You die...

...........###....####.........#
...........# #....# ##.......##
...........# ♣...P♣ ##'#######
...........# ♣..P♣♣ #........#
...[.......# ♣♣.♣♣ #........#
...........# ♣.♣♣ #........#
.........### ♣♣)♣ #........#
########## ♣)♣♣ #........# #
♣♣@♣ #....[...# # #g# #........#
# ... #........# # #.))#
#........# # #).)# #........# #
##### #........# # #........# #
#........# # ##########


You could see Crazy Yiuf.

Vanquished Creatures
  5 endoplasms
  4 giant cockroaches
  5 goblins
  4 hobgoblins (D:1)
  2 jackals (D:1)
  3 quokkas
  6 ball pythons
  2 frilled lizards (D:1)
  3 kobolds (D:2)
  A rat (D:2)
35 creatures vanquished.

Notes
Turn   | Place    | Note
-------+----------+-------------------------------------------
     0 | D:1      | Alarak the Mountain Dwarf Fighter began the quest for the
                  | Orb.
     0 | D:1      | Reached XP level 1. HP: 19/19 MP: 1/1
   192 | D:1      | Reached skill level 4 in Fighting
   192 | D:1      | Reached XP level 2. HP: 23/27 MP: 2/2
   338 | D:1      | Reached XP level 3. HP: 28/34 MP: 3/3
   470 | D:1      | Found a faded altar of an unknown god.
   500 | D:1      | Found Lybruir's Antique Armour Boutique.
   972 | D:2      | Reached skill level 5 in Fighting
  1010 | D:2      | Got the Grimoire of Superposition and Decantation
  1328 | D:2      | Found a runed translucent door.
  1329 | D:2      | Noticed Crazy Yiuf
  1331 | D:2      | Identified the +6 hammer of the Fray {antimagic, rElec rN+
                  | Int-4 SInv}
  1587 | D:2      | Mangled by Crazy Yiuf

Illustrated notes

Levels and vault maps discovered:
D:1:      amcnicky_arrival_abandoned_market, layout_basic, serial_shops, shop,
          shapermc_ecumenical_altar_venn
D:2:      layout_basic, minmay_tall_x, uniq_crazy_yiuf_cottage

Skill      XL: |  1  2  3 |
---------------+----------+-----
Fighting       | 4 5 |  5.4
Axes           | |  2.4
Armour         | |  3.2
Shields        | |  3.2

Action                     || total
---------------------------++-------
  Melee: War axe           ||    94
 Armour: Scale mail        ||    74
  Dodge: Dodged            ||    43
  Block: Buckler           ||    21

Table legend: (Time is in decaauts)
 A = Elapsed time spent in this place.
 B = Non-inter-level travel time spent in this place.
 C = Inter-level travel time spent in this place.
 D = Time resting spent in this place.
 E = Time spent auto-exploring this place.
 F = Levels seen in this place.
 G = Mean time per level.
                   A        B        C        D        E       F      G
               +--------+--------+--------+--------+--------+-----+--------+
         Total |   1626 |   1604 |     22 |     35 |   1345 |   2 |  813.0 |
       Dungeon |   1626 |   1604 |     22 |     35 |   1345 |   2 |  813.0 |
               +--------+--------+--------+--------+--------+-----+--------+

Top non-repeatable levels by time:
     D:1: 914 daAuts
     D:2: 712 daAuts
